 Dungeon Crawl Stone Soup version 0.20.1-1-g8b1a95d (webtiles) character file.

37 Lafeu the Charmwright (level 3, -6/24 HPs)
             Began as a Halfling Skald on Oct 26, 2017.
             Mangled by an ice beast (11 damage)
             ... on level 1 of the Dungeon.
             The game lasted 00:03:35 (1545 turns).

Lafeu the Charmwright (Halfling Skald)              Turns: 1545, Time: 00:03:36

Health: -6/24      AC:  3    Str: 13    XL:     3   Next: 62%
Magic:  5/5        EV: 14    Int: 11    God:
Gold:   19         SH:  0    Dex: 13    Spells: 4/5 levels left

rFire    . . .     SeeInvis .   a - +0 hand axe
rCold    . . .     Gourm    .   (shield restricted)
rNeg     . . .     Faith    .   b - +0 leather armour
rPois    .         Spirit   .   (no helmet)
rElec    .         Reflect  .   (no cloak)
rCorr    .         Harm     .   (no gloves)
MR       .....                  (no boots)
Stlth    +.........             (no amulet)
Regen    0.1/turn               (no ring)
MPRegen  0.1/turn               (no ring)

@: no status effects
A: mutation resistance 1
a: no special abilities


You were on level 1 of the Dungeon.
You were not hungry.

You visited 1 branch of the dungeon, and saw 1 of its levels.

You collected 19 gold pieces.

Inventory:

Hand Weapons
 a - a +0 hand axe (weapon)
 m - a cursed -1 dagger
Armour
 b - a +0 leather armour (worn)
Jewellery
 l - a cursed ring of loudness {unknown}
Scrolls
 e - a scroll of blinking {unknown}
 f - a scroll of teleportation {unknown}
 g - 2 scrolls of remove curse {unknown}
 i - a scroll of immolation {unknown}
 n - 3 scrolls of fog {unknown}
Potions
 j - 2 potions of curing {unknown}
 k - a potion of lignification {unknown}
Books
 c - a book of Battle

   Spells                             Type                      Level
   a - Infusion                       Charms                       1
   b - Shroud of Golubria             Charms/Translocation         2
   c - Song of Slaying                Charms                       2
   d - Spectral Weapon                Hexes/Charms                 3
   e - Regeneration                   Charms/Necromancy            3
Comestibles
 h - 4 fruits
 p - a meat ration
 q - a royal jelly


   Skills:
 + Level 2.0 Fighting
 + Level 2.1 Axes
 + Level 1.7 Armour
 + Level 2.5 Dodging
 + Level 0.2 Stealth
 + Level 1.8 Spellcasting
 + Level 3.7 Charms


You had 4 spell levels left.
You knew the following spells:

 Your Spells              Type           Power        Failure   Level  Hunger
a - Infusion              Chrm           #...         9%          1    ##.....


Dungeon Overview and Level Annotations

Branches:
Dungeon (1/15)

Altars:


Innate Abilities, Weirdness & Mutations

You are small and have problems with some larger weapons.
You are somewhat resistant to further mutation.


Message History

The ice beast is severely wounded.
The ice beast completely misses you.
You completely miss the ice beast.
The ice beast is severely wounded.
The ice beast misses you.
You closely miss the ice beast.
The ice beast is severely wounded.
The ice beast misses you. x2
You slash the ice beast!
The ice beast is almost dead.
The ice beast hits you but does no damage.
You barely miss the ice beast.
The ice beast is almost dead.
The ice beast barely misses you.
You hit the ice beast.
The ice beast is almost dead.
The ice beast hits you.
* * * LOW HITPOINT WARNING * * *
The ice beast freezes you!
You die...

#...................######.#
##.........................#
#..................########
#........................#
##.................#####.#
#.................# #.#
#....####).......######.#
#....# #............##.#
########....#
##@....######.##.#
.........#'## #.Y......#
#.##.#
.........#.####........#
#.##.##
#######..#.>.##........#
#.##...
...####..###.##........#
#.#####
.⌠.(.##..#.#.##........# #.#
...⌠..#..#...##........# #.#
#.....+..#.(...........# #.#
#.....+..#............. #.#


You could see an ice beast.

Vanquished Creatures
  A gnoll (D:1)
  3 dart slugs (D:1)
  6 goblins (D:1)
  2 hobgoblins (D:1)
  3 jackals (D:1)
  4 kobolds (D:1)
19 creatures vanquished.

Notes
Turn   | Place    | Note
-------+----------+-------------------------------------------
     0 | D:1      | Lafeu the Halfling Skald began the quest for the Orb.
     0 | D:1      | Reached XP level 1. HP: 14/14 MP: 3/3
   459 | D:1      | Reached XP level 2. HP: 16/19 MP: 4/4
  1050 | D:1      | Reached XP level 3. HP: 17/24 MP: 5/5
  1525 | D:1      | Noticed an ice beast
  1545 | D:1      | Mangled by an ice beast

Skill      XL: |  1  2  3 |
---------------+----------+-----
Fighting       | 2 |  2.0
Axes           | |  2.1
Armour         | |  1.7
Dodging        | |  2.5
Stealth        | |  0.2
Spellcasting   | |  1.8
Charms         | |  3.7

Action                   || total
-------------------------++-------
Melee: Hand axe          ||    91
  Eat: Bread ration      ||     1
       Chunk             ||     1
Armor: Leather armour    ||    17
Dodge: Dodged            ||    64
